Map: Dreamcatcher LE

Players

Bly

  • Race: Zerg Zerg
  • Spawn Location: 5:00

Namshar - Winner!

  • Race: Zerg Zerg
  • Spawn Location: 11:00

Event: WCS Montreal 2018

VOD

Have the link to the VOD?

Description

Time

  • Played on: Sept. 7, 2018, 12:46 p.m.
  • Length: 9:36

All games in this series

Show
View Real Time Build Order
Export as new Build Order

Bly Zerg 

Build Orders: Pool First 

Get SALT Encoding   

  12  0:17  Spawning Pool  
  11  0:22  Drone  
  11  0:27  Drone  
  13  0:32  Drone  
  14  0:43  Overlord  
  14  1:04  Zergling x4  
  14  1:05  Zergling x2  
  17  1:16  Zergling x2  
  18  1:19  Hatchery  
  17  1:27  Zergling x2  
  18  1:34  Queen  
  18  1:38  Zergling x2  
  21  1:48  Overlord  
  20  2:06  Drone  
  21  2:10  Queen  
  24  2:15  Drone  
  24  2:20  Drone  
  25  2:33  Drone, Queen  
  25  2:34  Drone  
  29  2:43  Drone x4  
  33  2:52  Overlord  
  30  3:00  Drone  
  30  3:03  Extractor  
  30  3:04  Extractor  
  28  3:07  Overlord  
  28  3:10  Drone  
  29  3:15  Overlord  
  29  3:17  Drone x3  
  31  3:21  Drone  
  31  3:27  Overlord  
  32  3:31  Drone x2  
  34  3:35  Drone x2  
  34  3:39  Drone  
  37  3:46  Drone  
  38  3:49  Drone  
  38  3:55  Roach Warren  
  38  4:02  Drone x2, Lair  
  40  4:07  Evolution Chamber, Zergling x2  
  40  4:09  Drone  
  41  4:10  Drone  
  41  4:13  Drone  
  41  4:15  Drone  
  41  4:17  Drone  
  45  4:19  Drone  
  46  4:25  Extractor  
  46  4:29  Drone x2  
  47  4:36  Zerg Missile Weapons Level 1  
  47  4:42  Hatchery  
  46  4:51  Drone  
  46  4:52  Drone x6  
  53  5:01  Glial Reconstitution  
  53  5:02  Overlord  
  52  5:07  Extractor, Drone  
  52  5:08  Spire  
  52  5:13  Drone x3  
  54  5:15  Drone  
  54  5:19  Roach  
  54  5:20  Roach  
  59  5:29  Drone x4  
  59  5:31  Overlord  
  59  5:35  Roach  
  65  5:41  Roach  
  67  5:57  Overlord  
  67  5:59  Drone x8  
  75  6:06  Roach x2  
  75  6:10  Extractor  
  78  6:12  Hatchery  
  78  6:15  Extractor  
  76  6:22  Mutalisk x5  
  88  6:27  Roach x3  
  88  6:28  Roach  
  96  6:33  Roach  
  96  6:37  Evolution Chamber  
  97  6:42  Evolution Chamber, Overlord  
  97  6:43  Overlord  
  92  6:57  Overlord  
  92  7:00  Roach Warren  
  91  7:06  Mutalisk x4  
  100  7:09  Mutalisk  
  100  7:11  Drone  
  100  7:12  Drone x5  
  108  7:32  Zerg Flyer Weapons Level 1  
  108  7:38  Extractor  
  108  7:40  Extractor  
  108  7:41  Roach x3  
  108  7:43  Overlord x6  
  112  7:55  Baneling Nest  
  112  7:58  Drone x3  
  114  7:59  Drone x2  
  114  8:00  Drone  
  117  8:07  Overseer, Hatchery  
  116  8:18  Roach x8  
  130  8:21  Roach  
  130  8:22  Roach x3  
  138  8:29  Roach  
  111  8:42  Roach x7  
  111  8:50  Roach x5  
  117  8:57  Mutalisk  
  117  9:01  Roach x2  
  120  9:10  Roach x2  
Show
View Real Time Build Order
Export as new Build Order

Namshar Zerg - Winner!

Build Orders: Pool First, Roach Hydra 

Get SALT Encoding   

  12  0:00  Drone  
  13  0:12  Overlord  
  13  0:16  Drone  
  14  0:30  Drone  
  14  0:31  Drone  
  16  0:41  Spawning Pool  
  15  0:45  Drone  
  15  0:48  Drone  
  17  1:08  Hatchery  
  16  1:11  Drone  
  17  1:26  Extractor  
  17  1:27  Zergling x4  
  17  1:28  Zergling x2  
  17  1:31  Queen  
  21  1:38  Zergling x2  
  22  1:48  Spine Crawler  
  22  1:49  Zergling x2  
  21  2:05  Overlord  
  22  2:22  Drone x3  
  25  2:27  Queen  
  27  2:35  Drone x2  
  29  2:46  Drone x2, Overlord  
  31  2:57  Drone  
  31  2:58  Drone x2  
  30  3:08  Baneling Nest  
  30  3:10  Drone x2  
  31  3:16  Drone  
  31  3:17  Drone x2  
  32  3:22  Drone x2  
  34  3:34  Drone x2  
  36  3:40  Hatchery  
  35  3:43  Drone x2  
  35  3:46  Evolution Chamber  
  35  3:47  Drone  
  38  3:48  Drone  
  38  3:49  Drone  
  38  3:54  Lair  
  38  3:55  Drone  
  41  3:57  Drone  
  42  4:04  Roach Warren  
  42  4:07  Drone  
  42  4:08  Drone  
  43  4:11  Extractor  
  43  4:12  Extractor, Overlord  
  43  4:15  Overlord  
  41  4:18  Zerg Missile Weapons Level 1  
  41  4:21  Drone x2  
  41  4:23  Drone  
  44  4:30  Queen  
  46  4:32  Drone  
  46  4:36  Drone  
  46  4:37  Drone x3  
  51  4:41  Drone  
  51  4:44  Overlord  
  52  4:51  Drone x5  
  57  4:54  Glial Reconstitution  
  57  4:57  Drone x2  
  58  5:04  Drone x4  
  62  5:08  Drone  
  62  5:09  Extractor  
  62  5:12  Overlord x2  
  62  5:18  Overlord x2  
  62  5:20  Drone  
  63  5:23  Drone  
  63  5:25  Drone  
  65  5:30  Roach  
  65  5:31  Overseer, Roach  
  65  5:34  Roach x2  
  73  5:39  Overlord  
  73  5:41  Roach x3  
  79  5:46  Roach x4  
  79  5:47  Roach  
  89  5:50  Evolution Chamber  
  89  5:51  Roach  
  89  5:54  Hydralisk Den  
  89  5:57  Roach x4  
  93  6:03  Extractor  
  94  6:05  Roach x2  
  94  6:08  Ravager  
  98  6:11  Roach  
  98  6:12  Overlord x2, Roach x3  
  98  6:16  Zerg Missile Weapons Level 2  
  98  6:17  Overseer  
  106  6:24  Overlord x2  
  106  6:29  Muscular Augments  
  106  6:31  Zerg Ground Armor Level 1  
  106  6:35  Drone x2  
  108  6:40  Queen x2, Overlord  
  108  6:45  Drone x2  
  110  6:59  Drone x3  
  110  7:00  Spore Crawler  
  110  7:01  Drone x2, Spore Crawler  
  109  7:02  Drone  
  109  7:03  Spore Crawler  
  107  7:09  Hydralisk x6  
  115  7:16  Drone  
  115  7:19  Queen  
  118  7:24  Hydralisk x4  
  124  7:31  Overlord  
  122  7:37  Roach x5  
  122  7:40  Grooved Spines  
  122  7:42  Extractor  
  122  7:43  Drone  
  130  7:44  Lurker Den  
  130  7:48  Hydralisk  
  130  7:49  Hydralisk, Roach  
  130  7:50  Roach  
  127  7:54  Drone  
  127  7:56  Drone  
  127  7:57  Drone  
  130  7:59  Spore Crawler  
  130  8:03  Roach x4  
  137  8:08  Roach  
  137  8:09  Roach x3  
  137  8:11  Roach  
  147  8:19  Roach x2  
  151  8:23  Drone  
  151  8:24  Drone  
  151  8:30  Roach x2  
  153  8:38  Hatchery  
  153  8:39  Roach x5  
  148  8:43  Hydralisk x2  
  148  8:44  Roach  
  152  8:50  Hydralisk  
  152  8:51  Roach  
  154  8:58  Overlord x3  
  154  8:59  Overlord x2  
Tags
 
Add a new tag
Caveats
  • Supply blocks, unpowered buildings, or Contaminate may cause inaccurate times.
  • Supply counts are checked every 10 seconds.